Match 46813770
Unlisted

Match 46813770
End
Vickers Machine Gun Team
Construct Section Command Post
Selects Air and Sea Battlegroup
Dingo Light Scout Car
Infantry Section
Infantry Section
Construct Platoon Command Post
6-pounder Anti-tank Gun Team
Grenade Package
6-pounder Anti-tank Gun Team
Infantry Training
Construct Company Command Post
Selects Commando Section Paradrop
Selects M1 Pack Howitzer Paradrop
Foot Guards Section
Unlock M3 Grant Medium Tanks
Team Weapon Training
Selects Supply Surplus
Selects UNKNOWN (223837)
M3 Grant Medium Tank
Royal Engineer Section
M3 Grant Medium Tank
M3 Grant Medium Tank
Selects Naval Bombardment
Naval Bombardment
M3 Grant Medium Tank
M3 Grant Medium Tank
Naval Bombardment
M3 Grant Medium Tank
Selects Anti-tank Rocket Loiter
Royal Engineer Section
Anti-tank Rocket Loiter
montheponies
crywo1f
bigo167
Don Gambino
Cemarlian
v4mp - HTB -
0
0

Comments sign in to comment!

No comments posted yet!